 Dungeon Crawl Stone Soup version 0.20.1-1-g8b1a95d (webtiles) character file.

46 polve the Changer (level 3, -1/28 HPs)
             Began as a Draconian Transmuter on Aug 8, 2017.
             Killed from afar by Sigmund (4 damage)
             ... with a magic dart
             ... on level 2 of the Dungeon.
             The game lasted 00:01:30 (1595 turns).

polve the Changer (Draconian Transmuter)            Turns: 1595, Time: 00:01:32

Health: -1/28      AC:  5    Str: 12    XL:     3   Next: 44%
Magic:  3/6        EV: 12    Int: 14    God:
Gold:   46         SH:  0    Dex: 11    Spells: 0/6 levels left

rFire    . . .     SeeInvis .   d - +0 dagger (drain)
rCold    . . .     Gourm    .   (no shield)
rNeg     . . .     Faith    .   (armour unavailable)
rPois    .         Spirit   .   (helmet restricted)
rElec    .         Reflect  .   (no cloak)
rCorr    .         Harm     .   (no gloves)
MR       .....                  (no boots)
Stlth    +.........             (no amulet)
Regen    0.1/turn               (no ring)
MPRegen  0.1/turn               (no ring)

@: very slightly contaminated
A: unfitting armour, cold-blooded, AC +5
a: no special abilities


You were on level 2 of the Dungeon.
You were not hungry.

You visited 1 branch of the dungeon, and saw 2 of its levels.

You collected 46 gold pieces.

Inventory:

Hand Weapons
 d - a +0 dagger of draining (weapon)
 r - a +0 mace of holy wrath
Missiles
 a - 55 arrows
Jewellery
 g - an uncursed ring of protection from cold {unknown}
 q - an uncursed amulet of magic regeneration {unknown}
Scrolls
 f - a scroll of remove curse {unknown}
 h - 2 scrolls of identify {unknown}
 j - 2 scrolls of fog {unknown}
 k - 2 scrolls of teleportation {unknown}
 l - a scroll of enchant weapon {unknown}
 n - a scroll of amnesia {unknown}
 p - a scroll of immolation {unknown}
Potions
 e - 2 potions of agility {unknown}
 m - a potion of berserk rage {unknown}
 o - a potion of heal wounds {unknown}
Books
 b - a book of Changes

   Spells                             Type                      Level
   a - Beastly Appendage              Transmutation                1
   b - Sticks to Snakes               Transmutation                2
   c - Spider Form                    Transmutation/Poison         3
   d - Ice Form                       Ice/Transmutation            4
   e - Blade Hands                    Transmutation                5
Comestibles
 c - a bread ration


   Skills:
 - Level 1.1 Fighting
 - Level 1.7 Dodging
 - Level 3.0 Unarmed Combat
 - Level 2.0 Spellcasting
 + Level 3.9 Transmutations


You couldn't memorise any spells.
You knew the following spells:

 Your Spells              Type           Power        Failure   Level  Hunger
a - Beastly Appendage     Tmut           ##....       4%          1    ##.....
b - Sticks to Snakes      Tmut           ##......     7%          2    ###....
c - Spider Form           Tmut/Pois      #.........   32%         3    ####...


Dungeon Overview and Level Annotations

Branches:
Dungeon (2/15)

Altars:

Annotations:
D:2 Sigmund


Innate Abilities, Weirdness & Mutations

Your plain brown scales are hard. (AC +5)
You cannot fit into any form of body armour.
You are cold-blooded and may be slowed by cold attacks.


Message History

Your ball python bites Sigmund.
Your ball python closely misses Sigmund.
You barely miss Sigmund.
Sigmund is lightly wounded.
Sigmund hits you with a scythe.
* * * LOW HITPOINT WARNING * * *
Your ball python closely misses Sigmund. x2
You hit Sigmund but do no damage.
Sigmund is lightly wounded.
Your ball python bites Sigmund but does no damage.
Your ball python grabs Sigmund.
Your ball python constricts Sigmund.
Sigmund hits you with a scythe.
* * * LOW HITPOINT WARNING * * *
Your ball python bites Sigmund but does no damage.
Your ball python constricts Sigmund.
Sigmund hits your ball python with a scythe!
Your ball python dies!
Sigmund gestures at you while chanting. The magic dart hits you!
You die...

######..#####.#
#.#####.......#####.#
#............>...##.#
#######'####.....##.#
....#......#.....+..#
....#......#.....#########
....#......#.............#
....#....<.#.............#
....#......#....@........#
....#......#.............#
....#......#.............#
....#......#.............#
....#......####....@.....#
....'......# #..........#
....#......# #..........#
##'######### #..........#
#.# ############


You could see Sigmund.

Vanquished Creatures
  An adder (D:1)
  An ooze (D:2)
  A worm (D:2)
  A dart slug (D:1)
  A leopard gecko (D:1)
  3 giant cockroaches (D:1)
  7 goblins (D:1)
  3 hobgoblins (D:1)
  3 frilled lizards (D:1)
  5 rats (D:1)
26 creatures vanquished.

Notes
Turn   | Place    | Note
-------+----------+-------------------------------------------
     0 | D:1      | polve the Draconian Transmuter began the quest for the Orb.
     0 | D:1      | Reached XP level 1. HP: 16/16 MP: 3/3
   407 | D:1      | Reached XP level 2. HP: 23/23 MP: 5/5
   583 | D:1      | Reached XP level 3. HP: 9/28 MP: 4/6
   884 | D:1      | Learned a level 2 spell: Sticks to Snakes
   888 | D:1      | Learned a level 3 spell: Spider Form
  1583 | D:2      | Noticed Sigmund
  1595 | D:2      | Killed from afar by Sigmund

Skill      XL: |  1  2 |
---------------+-------+-----
Transmutations | 3 |  3.9
Fighting       | |  1.1
Dodging        | |  1.7
Unarmed Combat | |  3.0
Spellcasting   | |  2.0

Action                   || total
-------------------------++-------
Melee: Unarmed           ||    14
       Dagger            ||    89
       Tailslap          ||     5
       Punch             ||     1
       Kick              ||     2
 Cast: Beastly Appendage ||     3
       Sticks to Snakes  ||     1
 Stab: Sleeping          ||     3
  Eat: Chunk             ||     2
Armor: Skin              ||    20
Dodge: Dodged            ||    54
